 Dungeon Crawl Stone Soup version 0.22-a0-271-gc000056 (webtiles) character file.

60 matakusis the Caller (level 3, -1/19 HPs)
             Began as a Deep Elf Summoner on Mar 11, 2018.
             Slain by a gnoll
             ... wielding a +0 club
              (6 damage)
             ... on level 3 of the Dungeon.
             The game lasted 00:09:30 (1853 turns).

matakusis the Caller (Deep Elf Summoner)            Turns: 1853, Time: 00:09:31

Health: -1/19      AC:  2    Str:  5      XL:     3   Next: 82%
Magic:  1/10       EV: 13    Int: 18 (20) God:
Gold:   134        SH:  0    Dex: 14 (15) Spells: 7/10 levels left

rFire    . . .     SeeInvis .   e - -3 dagger (curse)
rCold    . . .     Gourm    .   (no shield)
rNeg     . . .     Faith    .   a - +0 robe
rPois    .         Spirit   .   (no helmet)
rElec    .         Reflect  .   (no cloak)
rCorr    .         Harm     .   (no gloves)
MR       .....                  (no boots)
Stlth    ++........             (no amulet)
HPRegen  0.06/turn              (no ring)
MPRegen  0.12/turn              (no ring)

@: no status effects
A: no striking features
a: no special abilities


You were on level 3 of the Dungeon.
You were hungry.

You visited 1 branch of the dungeon, and saw 3 of its levels.

You collected 134 gold pieces.

Inventory:

Hand Weapons
 b - a +2 dagger of holy wrath
 e - a cursed -3 dagger (weapon)
Armour
 a - a +0 robe (worn)
Potions
 d - a potion of lignification
Comestibles
 c - 6 rations
 f - a chunk of flesh


   Skills:
 - Level 2.4 Dodging
 - Level 2.4 Stealth
 + Level 4.0 Spellcasting
 * Level 5.6 Summonings


You had 7 spell levels left.
You knew the following spells:

 Your Spells              Type           Power        Failure   Level  Hunger
a - Summon Small Mammal   Summ           ###.         1%          1    None
b - Call Imp              Summ           ###.....     2%          2    ##.....


Dungeon Overview and Level Annotations

Branches:
Dungeon (3/15)

Altars:
Qazlal


Message History

Your bat closely misses the gnoll.
You barely miss the gnoll.
The gnoll is severely wounded.
Your bat barely misses the gnoll.
The gnoll closely misses you.
Your bat barely misses the gnoll.
You completely miss the gnoll.
The gnoll is severely wounded.
Your bat hits the gnoll but does no damage.
Your bat barely misses the gnoll.
The gnoll hits you with a club.
* * * LOW HITPOINT WARNING * * *
You hit the gnoll but do no damage.
The gnoll is severely wounded.
Your bat barely misses the gnoll.
The gnoll closely misses you.
Your crimson imp barely misses the gnoll.
Your bat hits the gnoll but does no damage.
Your bat barely misses the gnoll.
Your crimson imp blinks!
Your bat hits the gnoll but does no damage.
The gnoll hits you with a club.
You die...

# #..).......+.........
#[###.####...##...####.
#.###.#......''......#.
#.....##.#...##...##.#.
#.....##.#...+.........
#.....##.#...#####.#.#.
#....b#.....## #.#.#.
#....g........ ....#.
#.###.@..#### ##..##.
#............... ....#.
#.....5.........
###..#.
...####....##### .#.#.
.. #....# #+ .)...+
#....# #....#


You could see a gnoll, a friendly crimson imp and a friendly bat.

Vanquished Creatures
  2 bats (D:1)
2 creatures vanquished.

Vanquished Creatures (collateral kills)
  3 gnolls (D:3)
  3 adders (D:2)
  A worm (D:3)
  A dart slug (D:1)
  2 giant cockroaches (D:1)
  4 goblins
  5 hobgoblins
  2 jackals (D:2)
  5 bats
  5 frilled lizards
  3 kobolds (D:1)
  8 rats
42 creatures vanquished.

Grand Total: 44 creatures vanquished

Notes
Turn   | Place    | Note
-------+----------+-------------------------------------------
     0 | D:1      | matakusis the Deep Elf Summoner began the quest for the Orb.
     0 | D:1      | Reached XP level 1. HP: 10/10 MP: 6/6
   365 | D:1      | Reached XP level 2. HP: 8/15 MP: 5/8
   369 | D:1      | Learned a level 2 spell: Call Imp
   589 | D:1      | Reached skill level 5 in Summonings
  1231 | D:2      | Found a stormy altar of Qazlal.
  1318 | D:2      | Reached XP level 3. HP: 13/19 MP: 1/10
  1853 | D:3      | Slain by a gnoll

Vault maps used:
D:1:      dpeg_arrival_houses_and_road, grunt_decor_clamped, minivault_11,
          minmay_misc_feat_room, minmay_misc_feat_pillars
D:2:      lemuel_crystal_altar, minivault_19
D:3:      chequers_ecumenical_altar_twisty

Skill      XL: |  1  2  3 |
---------------+----------+-----
Summonings     | 5 |  5.6
Spellcasting   | 4 |  4.0
Dodging        | |  2.4
Stealth        | |  2.4

Action                   || total
-------------------------++-------
Melee: Unarmed           ||    34
       Dagger            ||     8
 Cast: Summon Small Mamm ||    26
       Call Imp          ||    47
  Use: Scroll            ||     8
       Potion            ||     4
 Stab: Sleeping          ||     1
  Eat: Chunk             ||     4
Armor: Robe              ||    30
Dodge: Dodged            ||    71

Table legend:
 A = Spawn XP
 B = Non-spawn XP
 C = Spawn XP percentage of total XP
 D = Spawn monster count
 E = Non-spawn monster count
 F = Spawn count percentage of total count
 G = Total turns spent on level
                    A         B        C        D         E        F      G
               +---------+---------+-------+---------+---------+-------+---------
         Total |       0 |      87 |   0.0 |       0 |      44 |   0.0 |  1853
               +---------+---------+-------+---------+---------+-------+---------
           D:1 |       0 |      23 |   0.0 |       0 |      20 |   0.0 |  1002
           D:2 |       0 |      38 |   0.0 |       0 |      19 |   0.0 |   760
           D:3 |       0 |      26 |   0.0 |       0 |       5 |   0.0 |    91
               +---------+---------+-------+---------+---------+-------+---------
